 Dungeon Crawl Stone Soup version 0.28-a0-909-g796cbd3a86 (webtiles) character file.

Game seed: 18038172605577065609

1309 Majang the Chopper (level 8, -11/62 HPs)
             Began as a Human Gladiator on Nov 25, 2021.
             Was a Believer of Ru.
             Mangled by an orc warrior (12 damage)
             ... on level 6 of the Dungeon.
             The game lasted 00:20:49 (7807 turns).

Majang the Chopper (Human Gladiator)                Turns: 7807, Time: 00:20:49

Health: -11/62     AC: 13    Str: 16    XL:     8   Next: 88%
Magic:  0/8        EV:  9    Int:  9    God:    Ru [**....]
Gold:   264        SH:  0    Dex: 21    Spells: 7/7 levels left

rFire   . . .      SeeInvis .   a - +0 war axe
rCold   . . .      Faith    .   (no shield)
rNeg    . . .      Spirit   +   s - +0 chain mail
rPois   .          Reflect  .   c - +0 helmet
rElec   .          Harm     .   w - +1 cloak
rCorr   +          Rampage  .   q - +0 pair of gloves
Will    .....                   (no boots)
Stlth   ..........              t - amulet of guardian spirit
HPRegen 0.20/turn               g - +6 ring of dexterity
MPRegen 0.11/turn               x - ring of resist corrosion

@: mighty
A: inability to use devices
a: Renounce Religion


You were on level 6 of the Dungeon.
You worshipped Ru.
Ru was pleased with you.
You visited 1 branch of the dungeon, and saw 7 of its levels.

You collected 264 gold pieces.

Inventory:

Hand Weapons
 a - a +0 war axe (weapon)
Missiles
 d - 3 throwing nets (quivered)
 j - 8 bolts
Armour
 c - a +0 helmet (worn)
 m - a +0 scale mail
 q - a +0 pair of gloves (worn)
 s - a +0 chain mail (worn)
 w - a +1 cloak (worn)
Jewellery
 g - a +6 ring of dexterity (left hand)
 t - an amulet of guardian spirit (around neck)
 v - a ring of ice
 x - a ring of resist corrosion (right hand)
Scrolls
 e - a scroll of blinking {unknown}
 i - 2 scrolls of summoning
 l - 3 scrolls of teleportation
 o - 3 scrolls of fear
 y - a scroll of enchant weapon {unknown}
Potions
 b - a potion of might
 f - 2 potions of attraction
 h - 2 potions of haste
 k - a potion of ambrosia {unknown}
 n - a potion of invisibility {unknown}
 p - a potion of flight {unknown}
 r - a potion of curing {unknown}


   Skills:
 + Level 5.0 Fighting
 * Level 7.3 Axes
 - Level 2.0 Throwing
 + Level 3.4 Armour
 + Level 4.7 Dodging


You had 7 spell levels left.
You didn't know any spells.
Your spell library contained the following spells:

 Spells                   Type           Power      Damage    Failure   Level
 Magic Dart               Conj           0%         1d3       100%        1
 Call Imp                 Summ           0%         N/A       100%        2
 Gell's Gravitas          Tloc           0%         N/A       100%        3
 Lesser Beckoning         Tloc           0%         N/A       100%        3
 Mephitic Cloud           Conj/Pois/Air  0%         N/A       100%        3
 Teleport Other           Tloc           0%         N/A       100%        3
 Malign Gateway           Summ/Tloc      0%         N/A       100%        7
 Summon Horrible Things   Summ           0%         N/A       100%        8


Dungeon Overview and Level Annotations

Branches:
Dungeon (7/15)
 Temple: D:4-7

Altars:
Ru

Annotations:
D:2 1 runed translucent door, Crazy Yiuf


Innate Abilities, Weirdness & Mutations

You cannot study or use magical devices.


Message History

The orc warrior hits you with a +1 vorpal scimitar!
The orc hits you with a +0 dagger.
You climb upwards.
There is a stone staircase leading down here.
You hit the orc warrior.
The orc warrior is lightly wounded.
You hit the orc.
You kill the orc!
The orc warrior barely misses you.
You hit the orc warrior but do no damage.
The orc warrior is lightly wounded.
The orc warrior hits you with a +1 vorpal scimitar!
You closely miss the orc warrior.
The orc warrior is lightly wounded.
The orc warrior hits you with a +1 vorpal scimitar.
The orc warrior hits you with a +1 vorpal scimitar!
* * * LOW HITPOINT WARNING * * *
You hit the orc warrior.
The orc warrior is moderately wounded.
The orc warrior hits you with a +1 vorpal scimitar!
* * * LOW HITPOINT WARNING * * *
x2 You feel much better.
The orc warrior barely misses you.
You feel very mighty all of a sudden.
The orc warrior hits you with a +1 vorpal scimitar!
* * * LOW HITPOINT WARNING * * *
x2 You hit the orc warrior but do no damage.
The orc warrior is moderately wounded.
The orc warrior hits you with a +1 vorpal scimitar!
* * * LOW HITPOINT WARNING * * *
You slash the orc warrior!
The orc warrior is heavily wounded.
The orc warrior hits you with a +1 vorpal scimitar!
* * * LOW HITPOINT WARNING * * *
x2 You hit the orc warrior.
The orc warrior is severely wounded.
The orc warrior hits you but does no damage.
You hit the orc warrior but do no damage.
The orc warrior is severely wounded.
The orc warrior hits you with a +1 vorpal scimitar!
You die...

#.# ##'### #... #.#
####....# #... #.#
#.......#########... #.#
#.......'.......'... #.#
#.......#######.#...
#.####.......'.......####
#......#.....#########
######.#o################
#.#@)...............
#.###.........###### #.#
#.#######.# #.# #.#.#.#
#.# #.# #.#/..# #.# #.#
#.#.#.# #.# #.# #.#.#.#
#.# #.# #.#.#.###.# #.#
#.#.#...#.#


You could see an orc warrior.

Vanquished Creatures
  Menkaure (D:6)
  The ghost of Zigma the Insei, an amateur OpTm (D:4)
  A water moccasin (D:6)
  A black bear (D:5)
  A necrophage (D:5)
  An ogre (D:6)
  Blork the orc (D:3)
  A scorpion (D:5)
  A hound (D:5)
  5 orc priests
  2 iguanas
  Ijyb (D:3)
  The ghost of paps the Sneak, a weakling OpDe (D:5)
  4 gnolls
  9 adders
  A white imp (D:6)
  An ufetubus (D:5)
  An adder skeleton (D:4)
  2 worms
  3 dart slugs
  13 orcs
  7 ball pythons
  10 endoplasms
  6 giant cockroaches
  5 goblins
  9 hobgoblins
  6 jackals
  4 quokkas
  7 bats
  3 frilled lizards
  5 kobolds
  7 rats
121 creatures vanquished.

Vanquished Creatures (collateral kills)
  A hound (D:5)
  A bullfrog skeleton (D:5)
2 creatures vanquished.

Vanquished Creatures (others)
  An ufetubus (D:6)
1 creature vanquished.

Grand Total: 124 creatures vanquished

Notes
Turn   | Place    | Note
-------+----------+-------------------------------------------
     0 | D:1      | Majang the Human Gladiator began the quest for the Orb.
     0 | D:1      | Reached XP level 1. HP: 16/16 MP: 1/1
   118 | D:1      | Reached XP level 2. HP: 18/22 MP: 2/2
   616 | D:1      | Reached XP level 3. HP: 28/28 MP: 3/3
  1125 | D:1      | Reached skill level 4 in Axes
  1394 | D:1      | Reached XP level 4. HP: 26/34 MP: 4/4
  2109 | D:2      | Found a runed translucent door.
  2110 | D:2      | Noticed Crazy Yiuf
  2279 | D:3      | Reached XP level 5. HP: 41/41 MP: 5/5
  2337 | D:3      | Noticed Ijyb
  2363 | D:3      | Killed Ijyb
  2372 | D:3      | Reached skill level 5 in Axes
  2652 | D:3      | Found a sacrificial altar of Ru.
  3112 | D:2      | Reached XP level 6. HP: 46/47 MP: 6/6
  3136 | D:3      | Reached skill level 1 in Armour
  3678 | D:3      | Became a worshipper of Ru the Awakened
  3995 | D:4      | Reached skill level 1 in Evocations
  4074 | D:4      | Found a runed translucent door.
  4076 | D:4      | Noticed Blork the orc
  4277 | D:3      | Killed Blork the orc
  4278 | D:3      | Reached XP level 7. HP: 19/53 MP: 7/7
  4890 | D:4      | Noticed Zigma's ghost (amateur OpTm)
  5158 | D:4      | Killed Zigma's ghost
  5159 | D:4      | Reached skill level 6 in Axes
  5269 | D:5      | Entered Level 5 of the Dungeon
  5377 | D:5      | Found a runed translucent gate.
  5377 | D:5      | Found a runed translucent gate.
  5378 | D:5      | Found a runed translucent gate.
  5382 | D:5      | Noticed paps's ghost (weakling OpDe)
  5814 | D:5      | Reached XP level 8. HP: 51/59 MP: 8/8
  5917 | D:5      | Gained mutation: You cannot study or use magical devices.
                  | [Ru sacrifice]
  5917 | D:5      | Reached * piety under Ru
  5917 | D:5      | Reached ** piety under Ru
  6577 | D:5      | Killed paps's ghost
  6655 | D:6      | Identified the +1 leather armour of Haeh Hom {Int+4 Dex+2}
  6860 | D:6      | Reached skill level 7 in Axes
  7115 | D:6      | Noticed Menkaure
  7124 | D:6      | Killed Menkaure
  7578 | D:6      | Reached skill level 5 in Fighting
  7805 | D:6      | HP: 2/62 [orc warrior (7)]
  7807 | D:6      | Mangled by an orc warrior

Illustrated notes

Levels and vault maps discovered:
D:1:      dpeg_arrival_houses_and_road, layout_loops_ring,
          minmay_small_reverse_x
D:2:      layout_basic, uniq_crazy_yiuf_cottage
D:3:      layout_rooms, lemuel_tele_altar, minmay_misc_feat_tower,
          kennysheep_generic_room_4, uniq_ijyb
D:4:      minmay_evil_eye, layout_loops_cross, hellmonk_ghost_happy_afterlife,
          uniq_blork_the_orc
D:5:      layout_loops_cross, ebering_ghost_rock_garden,
          kennysheep_generic_room_16
D:6:      layout_basic, lemuel_flamethrower_2, uniq_menkaure
D:7:      layout_rooms, minmay_temple_entry_trees

Skill      XL: |  1  2  3  4  5  6  7  8 |
---------------+-------------------------+-----
Axes           | 4 5 6 7 |  7.3
Fighting       | 3 4 5 |  5.0
Armour         | 1 2 3 |  3.4
Evocations     | 1 2 0 |  0.0
Dodging        | 4 |  4.7
Throwing       | |  2.0

Action                   |  1- 3 |  4- 6 |  7- 9 || total
-------------------------+-------+-------+-------++-------
Melee: War axe           |   100 |   194 |   179 ||   473
Invok: Sacrifice Artific |       |       |     1 ||     1
Evoke: Wand              |       |     2 |       ||     2
  Use: Potion            |       |     3 |     2 ||     5
       Scroll            |       |       |     8 ||     8
 Stab: Sleeping          |     1 |     1 |       ||     2
Armor: Leather armour    |    28 |       |       ||    28
       Ring mail         |     5 |    46 |       ||    51
       Scale mail        |       |    21 |    33 ||    54
       Chain mail        |       |       |    42 ||    42
Dodge: Dodged            |    75 |   143 |    88 ||   306

Table legend: (Time is in decaauts)
 A = Elapsed time spent in this place.
 B = Non-inter-level travel time spent in this place.
 C = Inter-level travel time spent in this place.
 D = Time resting spent in this place.
 E = Time spent auto-exploring this place.
 F = Levels seen in this place.
 G = Mean time per level.
                   A        B        C        D        E       F      G
               +--------+--------+--------+--------+--------+-----+--------+
         Total |   7917 |   7689 |    228 |   2538 |   3771 |   7 | 1131.0 |
       Dungeon |   7917 |   7689 |    228 |   2538 |   3771 |   7 | 1131.0 |
               +--------+--------+--------+--------+--------+-----+--------+

Top non-repeatable levels by time:
     D:1: 1491 daAuts
     D:2: 1359 daAuts
     D:3: 1356 daAuts
     D:5: 1337 daAuts
     D:6: 1192 daAuts
     D:4: 1169 daAuts
     D:7: 11 daAuts
